 Dungeon Crawl Stone Soup version 0.24.1-1-gd1d2a07e1b (webtiles) character file.

Game seed: 3460857230692347352, levelgen mode: deterministic

49 Kagerus the Poker (level 3, -1/27 HPs)
             Began as a Merfolk Gladiator on Apr 9, 2020.
             Slain by Natasha (7 damage)
             ... on level 2 of the Dungeon.
             The game lasted 00:05:30 (1400 turns).

Kagerus the Poker (Merfolk Gladiator)               Turns: 1400, Time: 00:05:31

Health: -1/27      AC:  4    Str: 15    XL:     3   Next: 77%
Magic:  3/3        EV: 14    Int:  7    God:
Gold:   114        SH:  0    Dex: 15    Spells: 2/2 levels left

rFire    . . .     SeeInvis .   a - +0 trident
rCold    . . .     Gourm    .   (no shield)
rNeg     . . .     Faith    .   b - +0 leather armour
rPois    .         Spirit   .   c - +0 helmet
rElec    .         Reflect  .   (no cloak)
rCorr    .         Harm     .   (no gloves)
MR       .....                  (no boots)
Stlth    +.........             (no amulet)
HPRegen  0.09/turn              (no ring)
MPRegen  0.08/turn              (no ring)

@: about to teleport
A: change form in water, swift swim, stealthy swim
a: no special abilities


You were on level 2 of the Dungeon.
You were hungry.

You visited 1 branch of the dungeon, and saw 2 of its levels.

You collected 114 gold pieces.

Inventory:

Hand Weapons
 a - a +0 trident (weapon)
Missiles
 d - 3 throwing nets
 p - 5 boomerangs (quivered)
Armour
 b - a +0 leather armour (worn)
 c - a +0 helmet (worn)
Jewellery
 j - an uncursed ring of poison resistance {unknown}
 o - a +4 ring of dexterity {unknown}
Scrolls
 e - 2 scrolls of teleportation
 g - a scroll of fog {unknown}
 l - a scroll of remove curse {unknown}
 m - a scroll of identify {unknown}
Potions
 h - 2 potions of lignification {unknown}
 i - a potion of curing {unknown}
 n - a potion of heal wounds {unknown}
 q - a potion of flight {unknown}
 r - a potion of might {unknown}
Comestibles
 f - 6 rations


   Skills:
 - Level 2.1 Fighting
 * Level 6.1 Polearms
 - Level 2.0 Throwing
 + Level 4.8 Dodging


You had 2 spell levels left.
You didn't know any spells.
Your spell library was empty.

Dungeon Overview and Level Annotations

Branches:
Dungeon (2/15)

Altars:

Annotations:
D:2 Natasha


Message History

Natasha casts a spell at you. You resist with significant effort.
The crimson imp lashes its tail.
The crimson imp blinks!
You closely miss Natasha.
The crimson imp disappears in a puff of smoke!
Natasha barely misses you.
You hit Natasha but do no damage.
Natasha casts a spell.
The iron imp closely misses you.
You hit Natasha but do no damage. Natasha claws you. The iron imp hits you!
* * * LOW HITPOINT WARNING * * *
Sorry, you're not good enough to have a special ability.
As you read the scroll labeled YPLUCAW BYTUR, it crumbles to dust.
You feel strangely unstable.
It was a scroll of teleportation.
Natasha mumbles some strange words.
You feel disoriented. Natasha claws you but does no damage. Natasha claws you!
You die...

######
#######....#######
+..@h5'(...)(....##
######=...))####..#
##(.5.....# ##.##
#.K###....# #..#
#h†#⌠#....# ##.#
#..###....# #..
#55....##.#######.
.'....'............
##....####....#####


You could see an iron imp and Natasha.

Vanquished Creatures
  2 dart slugs (D:2)
  3 leopard geckos
  3 giant cockroaches
  5 hobgoblins
  3 jackals (D:2)
  7 bats
  4 frilled lizards
  3 goblins
  6 kobolds
  8 rats
44 creatures vanquished.

Notes
Turn   | Place    | Note
-------+----------+-------------------------------------------
     0 | D:1      | Kagerus the Merfolk Gladiator began the quest for the Orb.
     0 | D:1      | Reached XP level 1. HP: 16/16 MP: 1/1
   235 | D:1      | Reached XP level 2. HP: 17/22 MP: 2/2
   323 | D:1      | Reached skill level 5 in Polearms
   813 | D:2      | Reached XP level 3. HP: 18/27 MP: 3/3
  1364 | D:2      | Reached skill level 6 in Polearms
  1378 | D:2      | Noticed Natasha
  1400 | D:2      | Slain by Natasha

Levels and vault maps discovered:
D:1:      lemuel_arrival_hallway, layout_basic
D:2:      layout_basic, feat_on_display, uniq_natasha

Skill      XL: |  1  2  3 |
---------------+----------+-----
Polearms       | 5 6 |  6.1
Fighting       | |  2.1
Throwing       | |  2.0
Dodging        | |  4.8

Action                   || total
-------------------------++-------
Melee: Trident           ||   110
Throw: Boomerang         ||    11
  Use: Scroll            ||     1
 Stab: Sleeping          ||     2
  Eat: Chunk             ||     1
Armor: Leather armour    ||    21
Dodge: Dodged            ||    73
